AoeStats
← BottleDry

Nomad

506260697Analyzed
4v4 RM · 20d ago on Sep 12, 2026· 37m 27s· 8 players
Game mode
Random Map
Map size
231×231
Population
200
Speed
Normal
Resources
Standard
Victory
Conquest
Starting age
Dark Age
Ending age
Imperial Age
RankedLock teamsTeams togetherTeam positionsShared explorationLock speedFull tech treeHidden civsTurbo modeCheats
Victory
Defeat
🇺🇸 Franks · United States
1048
+15
🇲🇽 Maya · Mexico
1037
+16
🇲🇽 Berbers · Mexico
1018
+17
🇨🇱 Portuguese · Chile
1018
+17
🇺🇸 Spanish · United States
1114
-19
🇺🇸 Mongols · United States
1104
-19
🇺🇸 Ethiopians · United States
1020
-16
🇺🇸 Vietnamese · United States
900
-11
NordicPain
3:33 Loom
14:59 Feudal Age
23:21 Fletching
33:16 Castle Age
32:11 Forging
32:03 Double-Bit Axe
33:05 Bloodlines
33:19 Light Cavalry
34:01 Husbandry
aegilello
3:20 Loom
14:42 Feudal Age
19:24 Castle Age
28:45 Fletching
33:47 Wheelbarrow
Canek
5:55 Loom
14:34 Feudal Age
19:10 Castle Age
18:11 Double-Bit Axe
20:56 Bow Saw
22:46 Fletching
23:06 Crossbowman
28:29 Horse Collar
30:22 Fishing Lines
32:01 Bodkin Arrow
34:23 Wheelbarrow
35:15 Ballistics
35:49 Thumb Ring
Maldotroid
4:20 Loom
15:28 Feudal Age
16:36 Town Watch
20:30 Castle Age
18:27 Double-Bit Axe
19:25 Stone Mining
21:26 Bloodlines
22:29 Scale Barding Armor
25:29 Circumnavigation
34:15 Fletching
5WhiskeyTango
3:26 Loom
16:39 Feudal Age
20:21 Fletching
29:22 Castle Age
27:11 Fishing Lines
27:47 Gold Mining
28:06 Padded Archer Armor
29:02 Double-Bit Axe
29:25 Stone Mining
30:56 Stone Shaft Mining
30:04 Elite Skirmisher
34:16 Thumb Ring
BottleDry
4:17 Loom
7:36 Loom
14:12 Feudal Age
15:02 Double-Bit Axe
19:10 Castle Age
17:14 Gold Mining
17:11 Horse Collar
18:53 Stone Mining
19:28 Crossbowman
20:11 Fletching
22:15 Padded Archer Armor
23:12 Bodkin Arrow
24:59 Leather Archer Armor
25:36 Pikeman
26:17 Squires
29:12 Scale Mail Armor
29:22 Forging
37:48 Bow Saw
DreamMurders
7:38 Loom
23:27 Feudal Age
27:35 Fishing Lines
34:24 Castle Age
33:18 Double-Bit Axe
33:16 Horse Collar
Age_noob
4:37 Loom
14:32 Feudal Age
14:58 Double-Bit Axe
17:54 Fletching
21:55 Castle Age
25:34 Wheelbarrow
30:42 Bodkin Arrow
34:57 Stone Mining
35:00 Gold Mining
Connection lost

Rejoining the realm…

Still unreachable

The connection could not be restored.

Session expired

The server has moved on; the page needs a fresh start.